APP
ELIZABETHTON TWINS @ BOSTON (APP) RED SOX
05/03/2044
 
TOP OF THE 1ST
Elizabethton Twins batting - Pitching for Boston (APP) Red Sox : LHP Nick Barnes
Pitching: LHP Nick Barnes
Batting: RHB Andrew Nicol 0-0: Ball
1-0: Ball
2-0: Swinging Strike
2-1: Foul Ball, location: 2F
2-2: Ball
3-2: Foul Ball, location: 2F
3-2: Strikes out swinging
Batting: LHB David Campbell 0-0: Ground out 4-3 (Groundball, 4M, EV 107.5 MPH)
Batting: RHB Jose Gracia 0-0: Ball
1-0: Ball
2-0: Ball
3-0: Called Strike
3-1: Called Strike
3-2: Foul Ball, location: 2F
3-2: Base on Balls
Batting: SHB Dan Morataya 0-0: Called Strike
0-1: Ball
1-1: Ball
2-1: Fielders Choice at 2nd, 6-4 (Groundball, 6, EV 92.5 MPH)
Top of the 1st over - 0 runs, 0 hits, 0 errors, 1 left on base; Elizabethton 0 - Boston (APP) 0
BOTTOM OF THE 1ST
Boston (APP) Red Sox batting - Pitching for Elizabethton Twins : RHP Andrew Rich
Pitching: RHP Andrew Rich
Batting: LHB Stanislav Parusov 0-0: Ball
1-0: Ball
2-0: Ball
3-0: Base on Balls
Batting: RHB William Lung 0-0: Called Strike
Stanislav Parusov steals 2nd base
0-1: Ball
1-1: Foul Ball, location: 2F
1-2: Ball
Passed Ball!
Stanislav Parusov to third
2-2: Ball
3-2: Base on Balls
Batting: LHB Frank Olivo 0-0: Foul Ball, location: 2F
0-1: Ball
1-1: Ball
2-1: Foul Ball, location: 2F
2-2: Ball
3-2: Foul Ball, location: 2F
3-2: Base on Balls
William Lung to second
Batting: RHB Frank Sokolosky 0-0: DOUBLE (Line Drive, 9LS, EV 101.9 MPH)
Stanislav Parusov scores
William Lung scores
Frank Olivo to third
Batting: RHB Matt Hinkle 0-0: Ball
1-0: Ball
2-0: Ball
Wild Pitch!
Frank Olivo scores
Frank Sokolosky to third
3-0: Base on Balls
Batting: RHB Mike Strey 0-0: Ball
1-0: Foul Ball, location: 2F
1-1: Ball
2-1: Swinging Strike
2-2: Ball
3-2: Fly out, F9 (Flyball, 9D, EV 88.8 MPH)
Runner from 3rd tags up, SCORES, no throw by RF
Batting: RHB Dominique Paolozzi 0-0: Ball
1-0: Foul Ball, location: 2F
1-1: Called Strike
Matt Hinkle steals 2nd base
1-2: Foul Ball, location: 2F
1-2: Ground out 5-3 (Groundball, 56S, EV 86.9 MPH)
Pitching: RHP Jon Hice
Batting: RHB Rogelio Cervantes 0-0: Ball
1-0: Ball
2-0: Ball
3-0: Base on Balls
Batting: RHB Joe Booth 0-0: Ball
Matt Hinkle steals 3rd base
Rogelio Cervantes to second
1-0: Called Strike
1-1: SINGLE (Groundball, 25, EV 61.9 MPH) (infield hit)
Matt Hinkle scores
Rogelio Cervantes to third
Batting: LHB Stanislav Parusov 0-0: Ball
1-0: Called Strike
1-1: SINGLE (Line Drive, 8LS, EV 105.6 MPH)
Rogelio Cervantes scores
Joe Booth to second
Batting: RHB William Lung 0-0: Foul Ball, location: 2F
0-1: 3-RUN HOME RUN (Flyball, 9D, EV 102.5 MPH), Distance : 372 ft
Batting: LHB Frank Olivo 0-0: Ball
1-0: Foul Ball, location: 2F
1-1: Foul Ball, location: 2F
1-2: Ball
2-2: Foul Ball, location: 2F
2-2: Ball
3-2: Foul Ball, location: 2F
3-2: SINGLE (Flyball, 34D, EV 90.6 MPH)
Batting: RHB Frank Sokolosky 0-0: Called Strike
0-1: Ball
1-1: Ball
2-1: Ball
3-1: Called Strike
3-2: Base on Balls
Frank Olivo to second
Batting: RHB Matt Hinkle 0-0: Called Strike
0-1: Swinging Strike
0-2: Ball
1-2: DOUBLE (Flyball, 9LM, EV 116.2 MPH)
Frank Olivo scores
Frank Sokolosky to third
Runner from 3rd tries for Home, throw by RF and OUT! 9-4-2
Bottom of the 1st over - 10 runs, 6 hits, 0 errors, 1 left on base; Elizabethton 0 - Boston (APP) 10
TOP OF THE 2ND
Elizabethton Twins batting - Pitching for Boston (APP) Red Sox : LHP Nick Barnes
Batting: RHB Alex Belton 0-0: Ball
1-0: Ball
2-0: Ball
3-0: Called Strike
3-1: Ground out 1-3 (Groundball, 34S, EV 66.2 MPH)
Batting: LHB Jose Cotto 0-0: Ball
1-0: Called Strike
1-1: Ball
2-1: Ball
3-1: Ground out 4-3 (Groundball, 4, EV 81.9 MPH)
Batting: RHB Nick Phipps 0-0: Swinging Strike
0-1: Foul Ball, location: 2F
0-2: Ball
1-2: Fly out, F4 (Flyball, 34D, EV 86.9 MPH)
Top of the 2nd over - 0 runs, 0 hits, 0 errors, 0 left on base; Elizabethton 0 - Boston (APP) 10
BOTTOM OF THE 2ND
Boston (APP) Red Sox batting - Pitching for Elizabethton Twins : RHP Jon Hice
Pitching: RHP Ewan Wijker
Batting: RHB Mike Strey 0-0: Called Strike
0-1: Ball
1-1: SINGLE (Line Drive, 8LS, EV 110.0 MPH)
Batting: RHB Dominique Paolozzi 0-0: Ball
1-0: Fly out, F7 (Flyball, 7D, EV 106.2 MPH)
Batting: RHB Rogelio Cervantes 0-0: Called Strike
0-1: Ball
1-1: Ball
2-1: Ball
3-1: Ground out 5-3 (Groundball, 56S, EV 67.5 MPH)
Mike Strey to second
Batting: RHB Joe Booth 0-0: Ball
1-0: Called Strike
1-1: Ground out 5-3 (Groundball, 5S, EV 72.5 MPH)
Bottom of the 2nd over - 0 runs, 1 hit, 0 errors, 1 left on base; Elizabethton 0 - Boston (APP) 10
TOP OF THE 3RD
Elizabethton Twins batting - Pitching for Boston (APP) Red Sox : LHP Nick Barnes
Batting: RHB Jimmy Mayville 0-0: Ball
1-0: Swinging Strike
1-1: Foul Ball, location: 2F
1-2: SINGLE (Line Drive, 9S, EV 110.0 MPH)
Batting: SHB Nate Januchowski 0-0: Ball
1-0: Foul Ball, location: 2F
1-1: Swinging Strike
1-2: Ball
2-2: Foul Ball, location: 2F
2-2: Strikes out swinging
Batting: RHB Andrew Nicol 0-0: Called Strike
0-1: Ball
1-1: Foul Ball, location: 2F
1-2: Fly out, F8 (Flyball, 8RXD, EV 95.0 MPH)
Batting: LHB David Campbell 0-0: Called Strike
0-1: Called Strike
0-2: Foul Ball, location: 2F
0-2: Ball
1-2: Strikes out looking
Top of the 3rd over - 0 runs, 1 hit, 0 errors, 1 left on base; Elizabethton 0 - Boston (APP) 10
BOTTOM OF THE 3RD
Boston (APP) Red Sox batting - Pitching for Elizabethton Twins : RHP Ewan Wijker
Batting: LHB Stanislav Parusov 0-0: Ball
1-0: Foul Ball, location: 2F
1-1: Foul Ball, location: 2F
1-2: Ball
2-2: Fly out, F9 (Flyball, 89M, EV 90.6 MPH)
Batting: RHB William Lung 0-0: Ball
1-0: Ball
2-0: Ball
3-0: Base on Balls
Batting: LHB Frank Olivo 0-0: Ball
1-0: Ball
2-0: Ball
3-0: Called Strike
3-1: Base on Balls
William Lung to second
Batting: RHB Frank Sokolosky 0-0: Ball
1-0: Fly out, F8 (Flyball, 8LXD, EV 88.8 MPH)
Runner from 2nd tags up, SAFE at 3rd, no throw by CF
Batting: RHB Matt Hinkle 0-0: Fly out, F7 (Flyball, 7LM, EV 95.0 MPH)
Bottom of the 3rd over - 0 runs, 0 hits, 0 errors, 2 left on base; Elizabethton 0 - Boston (APP) 10
TOP OF THE 4TH
Elizabethton Twins batting - Pitching for Boston (APP) Red Sox : LHP Nick Barnes
Batting: RHB Jose Gracia 0-0: DOUBLE (Groundball, 5L, EV 109.4 MPH)
Batting: SHB Dan Morataya 0-0: Foul Ball, location: 2F
0-1: SINGLE (Groundball, 34D, EV 98.8 MPH)
Jose Gracia to third
Runner from 3rd tries for Home, SAFE, throw by RF to home
Batting: RHB Alex Belton 0-0: Ball
Wild Pitch!
Dan Morataya to second
1-0: Foul Ball, location: 2F
1-1: Ball
2-1: Ball
3-1: Foul Ball, location: 2F
3-2: Foul Ball, location: 2F
3-2: Strikes out looking
Batting: LHB Jose Cotto 0-0: Ball
1-0: Foul Ball, location: 2F
1-1: Ball
2-1: Foul Ball, location: 2F
2-2: Fly out, F6 (Popup, 6MD, EV 47.5 MPH)
Batting: RHB Nick Phipps 0-0: Fly out, F8 (Line Drive, 8LD, EV 97.5 MPH)
Top of the 4th over - 1 run, 2 hits, 0 errors, 1 left on base; Elizabethton 1 - Boston (APP) 10
BOTTOM OF THE 4TH
Boston (APP) Red Sox batting - Pitching for Elizabethton Twins : RHP Ewan Wijker
Batting: RHB Mike Strey 0-0: Ground out 6-3 (Groundball, 6, EV 85.0 MPH)
Batting: RHB Dominique Paolozzi 0-0: Ball
1-0: Called Strike
1-1: Called Strike
1-2: Fly out, F7 (Flyball, 78S, EV 79.4 MPH)
Batting: RHB Rogelio Cervantes 0-0: Called Strike
0-1: Ball
1-1: Ball
2-1: Ball
3-1: Base on Balls
Batting: RHB Joe Booth 0-0: Ball
1-0: Called Strike
1-1: Foul Ball, location: 2F
1-2: Ball
2-2: Foul Ball, location: 2F
2-2: Foul Ball, location: 2F
2-2: Ball
3-2: Base on Balls
Rogelio Cervantes to second
Batting: LHB Stanislav Parusov 0-0: Called Strike
0-1: Foul Ball, location: 2F
0-2: Ball
1-2: 3-RUN HOME RUN (Line Drive, 78XD, EV 106.2 MPH), Distance : 412 ft
Pitching: RHP John Giffin
Batting: RHB William Lung 0-0: Foul Ball, location: 2F
0-1: Ball
1-1: Called Strike
1-2: Ball
2-2: SINGLE (Groundball, 4D, EV 103.1 MPH)
Batting: LHB Frank Olivo 0-0: Ball
1-0: Ball
2-0: Foul Ball, location: 2F
2-1: SINGLE (Line Drive, 7, EV 97.5 MPH)
William Lung to second
Batting: RHB Frank Sokolosky 0-0: Foul Ball, location: 2F
0-1: Ground out 4-3 (Groundball, 4D, EV 98.8 MPH)
Bottom of the 4th over - 3 runs, 3 hits, 0 errors, 2 left on base; Elizabethton 1 - Boston (APP) 13
TOP OF THE 5TH
Elizabethton Twins batting - Pitching for Boston (APP) Red Sox : LHP Nick Barnes
Batting: RHB Jimmy Mayville 0-0: Fly out, F8 (Flyball, 8RD, EV 101.2 MPH)
Batting: SHB Nate Januchowski 0-0: Ball
1-0: Foul Ball, location: 2F
1-1: Ball
2-1: Ball
3-1: Base on Balls
Batting: RHB Andrew Nicol 0-0: Ball
1-0: Foul Ball, location: 2F
1-1: Ball
2-1: Foul Ball, location: 2F
2-2: Ball
3-2: Foul Ball, location: 2F
3-2: Grounds into double play, 5-4-3 (Groundball, 56, EV 86.2 MPH)
Top of the 5th over - 0 runs, 0 hits, 0 errors, 0 left on base; Elizabethton 1 - Boston (APP) 13
BOTTOM OF THE 5TH
Boston (APP) Red Sox batting - Pitching for Elizabethton Twins : RHP John Giffin
Batting: RHB Matt Hinkle 0-0: Ball
1-0: Called Strike
1-1: Swinging Strike
1-2: Foul Ball, location: 2F
1-2: Foul Ball, location: 2F
1-2: Foul Ball, location: 2F
1-2: Ball
2-2: Ball
3-2: Foul Ball, location: 2F
3-2: Strikes out swinging
Batting: RHB Mike Strey 0-0: Ball
1-0: Fly out, F8 (Flyball, 89D, EV 105.6 MPH)
Batting: RHB Dominique Paolozzi 0-0: Ground out U3 (Groundball, 3, EV 84.4 MPH)
Bottom of the 5th over - 0 runs, 0 hits, 0 errors, 0 left on base; Elizabethton 1 - Boston (APP) 13
TOP OF THE 6TH
Elizabethton Twins batting - Pitching for Boston (APP) Red Sox : LHP Nick Barnes
Batting: LHB David Campbell 0-0: Ball
1-0: Ball
2-0: Ball
3-0: Called Strike
3-1: Foul Ball, location: 2F
3-2: Foul Ball, location: 2F
3-2: Foul Ball, location: 2F
3-2: Base on Balls
Batting: RHB Jose Gracia 0-0: Called Strike
0-1: Fly out, F7 (Line Drive, 7D, EV 98.1 MPH)
Batting: SHB Dan Morataya 0-0: Foul Ball, location: 2F
0-1: SINGLE (Line Drive, 4MD, EV 99.4 MPH)
David Campbell to second
Batting: RHB Alex Belton 0-0: Ball
1-0: Fielders Choice at 2nd, 3-6 (Groundball, 34S, EV 84.4 MPH)
David Campbell to third
Batting: LHB Jose Cotto 0-0: Ball
1-0: Ball
2-0: Ball
3-0: Called Strike
3-1: Foul Ball, location: 2F
3-2: Base on Balls
Alex Belton to second
Pitching: RHP Victor Fuentes
Batting: RHB Nick Phipps 0-0: Called Strike
0-1: Ball
1-1: Ball
2-1: Ground out 6-3 (Groundball, 6M, EV 86.2 MPH)
Top of the 6th over - 0 runs, 1 hit, 0 errors, 3 left on base; Elizabethton 1 - Boston (APP) 13
BOTTOM OF THE 6TH
Boston (APP) Red Sox batting - Pitching for Elizabethton Twins : RHP John Giffin
Batting: RHB Rogelio Cervantes 0-0: Foul Ball, location: 2F
0-1: Called Strike
0-2: Foul Ball, location: 2F
0-2: Ball
1-2: Strikes out swinging
Batting: RHB Joe Booth 0-0: SINGLE (Groundball, 56D, EV 94.4 MPH)
Batting: LHB Stanislav Parusov 0-0: Ball
1-0: Ball
2-0: Ball
3-0: Base on Balls
Joe Booth to second
Batting: RHB William Lung 0-0: Ball
1-0: Called Strike
1-1: Foul Ball, location: 2F
1-2: Foul Ball, location: 2F
1-2: Ground out 6-3 (Groundball, P, EV 93.8 MPH)
Joe Booth to third
Stanislav Parusov to second
Batting: LHB Frank Olivo 0-0: Foul Ball, location: 2F
0-1: Swinging Strike
0-2: SINGLE (Groundball, 4D, EV 99.4 MPH)
Joe Booth scores
Stanislav Parusov to third
Pitching: RHP Marcel Koens
Batting: RHB Frank Sokolosky 0-0: Ball
1-0: Called Strike
1-1: Fielders Choice at 2nd, 6-4 (Groundball, 6, EV 101.9 MPH)
Bottom of the 6th over - 1 run, 2 hits, 0 errors, 2 left on base; Elizabethton 1 - Boston (APP) 14
TOP OF THE 7TH
Elizabethton Twins batting - Pitching for Boston (APP) Red Sox : RHP Victor Fuentes
Batting: RHB Jimmy Mayville 0-0: Ball
1-0: Foul Ball, location: 2F
1-1: Foul Ball, location: 2F
1-2: Ball
2-2: Strikes out swinging
Batting: SHB Nate Januchowski 0-0: Foul Ball, location: 2F
0-1: Called Strike
0-2: Fly out, F8 (Line Drive, 8RM, EV 95.0 MPH)
Batting: RHB Andrew Nicol 0-0: Ball
1-0: Ball
2-0: Ball
3-0: Called Strike
3-1: Base on Balls
Batting: LHB David Campbell 0-0: Called Strike
0-1: Ball
1-1: Foul Ball, location: 2F
1-2: Ball
Andrew Nicol steals 2nd base (no throw)
2-2: Foul Ball, location: 2F
2-2: SINGLE (Groundball, 4, EV 101.9 MPH)
Andrew Nicol to third
Runner from 3rd tries for Home, throw by CF and OUT! 8-2
Top of the 7th over - 0 runs, 1 hit, 0 errors, 1 left on base; Elizabethton 1 - Boston (APP) 14
BOTTOM OF THE 7TH
Boston (APP) Red Sox batting - Pitching for Elizabethton Twins : RHP Marcel Koens
Pinch Hitting: RHB Curt Stallings 0-0: Ball
1-0: Ball
2-0: Ball
3-0: Called Strike
3-1: Base on Balls
Batting: RHB Mike Strey 0-0: Called Strike
0-1: Ball
1-1: Called Strike
1-2: Foul Ball, location: 2F
1-2: Ball
2-2: Ball
3-2: Base on Balls
Curt Stallings to second
Batting: RHB Dominique Paolozzi 0-0: Ball
1-0: Ball
2-0: Reached on error, E4 (Groundball, 4S, EV 70.0 MPH)
Curt Stallings to third
Mike Strey to second
Pinch Hitting: RHB Paul Bennett 0-0: Ball
1-0: Ball
2-0: Called Strike
2-1: Ball
3-1: Foul Ball, location: 2F
3-2: Base on Balls
Curt Stallings scores
Mike Strey to third
Dominique Paolozzi to second
Batting: RHB Joe Booth 0-0: Called Strike
0-1: Ball
1-1: SINGLE (Groundball, 6D, EV 103.8 MPH)
Mike Strey scores
Dominique Paolozzi to third
Paul Bennett to second
Runner from 3rd tries for Home, SAFE, throw by LF to home
Pinch Hitting: RHB Ben Crossley 0-0: Foul Ball, location: 2F
0-1: Ball
1-1: Foul Ball, location: 2F
1-2: Fielders Choice at 2nd, 1-4 (Groundball, 15S, EV 65.0 MPH)
Paul Bennett to third
Batting: RHB William Lung 0-0: Ball
1-0: Swinging Strike
1-1: Called Strike
1-2: Foul Ball, location: 2F
1-2: Ball
2-2: Foul Ball, location: 2F
2-2: Foul Ball, location: 2F
2-2: Foul Ball, location: 2F
2-2: Foul Ball, location: 2F
2-2: Ball
3-2: Base on Balls
Ben Crossley to second
Pitching: RHP Matthew Dodson
Pinch Hitting: RHB Rich Boysen 0-0: Ball
1-0: Swinging Strike
1-1: Called Strike
1-2: Strikes out swinging
Batting: RHB Frank Sokolosky 0-0: Ball
1-0: Foul Ball, location: 2F
1-1: Ground out U3 (Groundball, 3, EV 99.4 MPH)
Bottom of the 7th over - 3 runs, 1 hit, 1 error, 3 left on base; Elizabethton 1 - Boston (APP) 17
TOP OF THE 8TH
Elizabethton Twins batting - Pitching for Boston (APP) Red Sox : RHP Victor Fuentes
Now at 1B: Rich Boysen
Now at 2B: Ben Crossley
Now at SS: Paul Bennett
Now in LF: Curt Stallings
Batting: RHB Jose Gracia 0-0: Foul Ball, location: 2F
0-1: Ball
1-1: Swinging Strike
1-2: Foul Ball, location: 2F
1-2: Strikes out swinging
Batting: SHB Dan Morataya 0-0: Ball
1-0: Ball
2-0: Called Strike
2-1: Foul Ball, location: 2F
2-2: Ball
3-2: Fly out, F9 (Flyball, 9S, EV 87.5 MPH)
Batting: RHB Alex Belton 0-0: Called Strike
0-1: Ground out 4-3 (Groundball, 4, EV 99.4 MPH)
Top of the 8th over - 0 runs, 0 hits, 0 errors, 0 left on base; Elizabethton 1 - Boston (APP) 17
BOTTOM OF THE 8TH
Boston (APP) Red Sox batting - Pitching for Elizabethton Twins : RHP Matthew Dodson
Batting: RHB Curt Stallings 0-0: Called Strike
0-1: Ball
1-1: Ball
2-1: Ground out 5-3 (Groundball, 56, EV 99.4 MPH)
Batting: RHB Mike Strey 0-0: Ball
1-0: Fly out, F8 (Line Drive, 8LD, EV 100.0 MPH)
Batting: RHB Dominique Paolozzi 0-0: Ground out 6-3 (Groundball, 6S, EV 66.9 MPH)
Bottom of the 8th over - 0 runs, 0 hits, 0 errors, 0 left on base; Elizabethton 1 - Boston (APP) 17
TOP OF THE 9TH
Elizabethton Twins batting - Pitching for Boston (APP) Red Sox : RHP Victor Fuentes
Pitching: RHP Larry Cassano
Batting: LHB Jose Cotto 0-0: Called Strike
0-1: Ball
1-1: Foul Ball, location: 2F
1-2: Strikes out swinging
Batting: RHB Nick Phipps 0-0: Foul Ball, location: 2F
0-1: Ball
1-1: Swinging Strike
1-2: Strikes out swinging
Batting: RHB Jimmy Mayville 0-0: Swinging Strike
0-1: Ball
1-1: Fly out, F9 (Line Drive, 9D, EV 90.0 MPH)
Top of the 9th over - 0 runs, 0 hits, 0 errors, 0 left on base; Elizabethton 1 - Boston (APP) 17
Thursday, March 31st , 2022 - OOTP Baseball 22.12 Build 89